Map: Kairos Junction LE

Players

Zanster - Winner!

  • Race: Zerg Zerg
  • Spawn Location: 5:00

HaPe

  • Race: Protoss Protoss
  • Spawn Location: 11:00

Event: 2019 WCS Spring

VOD

Have the link to the VOD?

Description

Time

  • Played on: May 17, 2019, 6:40 a.m.
  • Length: 8:31

All games in this series

Show
View Real Time Build Order
Export as new Build Order

Zanster Zerg - Winner!

Build Orders: Hatch First 

Get SALT Encoding   

  12  0:00  Drone  
  13  0:12  Overlord  
  13  0:17  Drone  
  14  0:30  Drone x2  
  16  0:48  Hatchery  
  15  0:51  Drone  
  15  0:54  Drone  
  17  0:57  Drone  
  18  1:09  Extractor  
  17  1:13  Spawning Pool  
  17  1:16  Drone  
  17  1:19  Drone  
  18  1:28  Drone  
  19  1:39  Drone  
  20  1:50  Drone  
  21  2:01  Overlord, Queen x2  
  21  2:02  Zergling x2  
  26  2:10  Metabolic Boost  
  26  2:12  Drone  
  26  2:13  Zergling x2  
  28  2:22  Drone x2  
  30  2:33  Drone  
  30  2:34  Drone  
  32  2:39  Hatchery  
  31  2:45  Queen  
  31  2:48  Drone  
  34  2:52  Overlord  
  34  2:55  Drone  
  34  2:57  Drone  
  35  3:11  Drone x4  
  39  3:13  Drone  
  39  3:14  Drone x3  
  39  3:17  Overlord  
  42  3:29  Drone  
  42  3:30  Spore Crawler  
  42  3:32  Queen  
  42  3:33  Spore Crawler  
  43  3:44  Drone x5  
  43  3:45  Drone x2  
  43  3:48  Drone  
  51  3:50  Overlord  
  51  3:58  Overlord  
  51  3:59  Drone x3  
  54  4:08  Drone  
  54  4:09  Drone x2  
  59  4:11  Queen  
  59  4:17  Drone x5  
  64  4:27  Roach Warren, Zergling x2  
  64  4:28  Zergling x6  
  64  4:30  Zergling x2  
  68  4:34  Overlord  
  68  4:38  Drone  
  69  4:39  Drone  
  69  4:41  Spore Crawler  
  69  4:42  Overlord  
  69  4:44  Lair  
  67  4:47  Drone x4  
  67  4:49  Drone  
  67  4:50  Drone  
  73  4:53  Drone  
  73  4:54  Drone  
  75  5:03  Drone x5  
  77  5:09  Extractor  
  77  5:11  Overlord, Extractor x2  
  77  5:12  Extractor  
  77  5:14  Evolution Chamber  
  71  5:15  Drone  
  71  5:20  Roach x4  
  80  5:22  Roach x2  
  80  5:23  Roach x2  
  80  5:26  Roach  
  90  5:34  Roach x2  
  94  5:35  Overlord  
  96  5:43  Roach x2  
  96  5:45  Overlord  
  98  5:52  Overlord  
  98  5:53  Overlord  
  98  5:55  Roach  
  98  5:56  Hatchery  
  99  6:01  Roach x4  
  99  6:03  Overseer  
  102  6:12  Glial Reconstitution  
  102  6:15  Drone x2  
  102  6:16  Drone x6  
  110  6:20  Overlord, Zerg Missile Weapons Level 1  
  110  6:21  Hydralisk Den  
  110  6:25  Roach  
  111  6:26  Roach  
  111  6:27  Roach  
  117  6:33  Roach x2  
  117  6:34  Roach x2  
  117  6:37  Roach x2  
  127  6:45  Roach x5  
  127  6:46  Extractor  
  136  6:50  Overlord  
  136  7:01  Overlord  
  134  7:02  Overlord  
  134  7:05  Overlord  
  126  7:09  Roach x8  
  130  7:16  Roach x4  
  138  7:25  Roach x4  
  138  7:29  Roach x2  
  146  7:35  Queen  
  148  7:42  Drone x9  
  151  7:55  Hydralisk x5  
Show
View Real Time Build Order
Export as new Build Order

HaPe Protoss 

Build Orders: 1 Gate Expand, Oracle Opening, Zealot Archon, Archon Drop 

Get SALT Encoding   

  12  0:00  Probe  
  13  0:12  Probe  
  14  0:19  Pylon  
  14  0:24  Probe  
  15  0:33  Probe  
  15  0:38  Gateway  
  15  0:41  Probe  
  16  0:47  Assimilator  
  17  0:51  Probe  
  18  1:03  Probe  
  19  1:15  Probe  
  20  1:24  Nexus  
  20  1:34  Cybernetics Core  
  20  1:39  Assimilator  
  20  1:41  Probe  
  21  1:53  Probe  
  22  1:56  Pylon  
  22  2:05  Probe, Adept  
  25  2:17  Probe  
  25  2:19  Stargate  
  26  2:29  Warp Gate  
  26  2:30  Probe  
  26  2:36  Probe  
  29  2:41  Stalker  
  29  2:42  Probe  
  31  2:44  Probe  
  32  2:54  Oracle, Probe x2  
  37  3:06  Probe x2  
  39  3:18  Probe  
  39  3:19  Probe  
  41  3:20  Pylon  
  40  3:29  Oracle  
  40  3:30  Probe  
  40  3:32  Probe  
  42  3:35  Gateway  
  42  3:37  Assimilator  
  42  3:40  Assimilator  
  45  3:42  Probe  
  45  3:44  Probe  
  47  3:51  Pylon  
  47  3:55  Probe  
  48  3:56  Robotics Facility  
  48  3:57  Probe  
  49  4:07  Probe  
  50  4:13  Probe  
  51  4:19  Gateway  
  51  4:21  Twilight Council  
  51  4:22  Probe  
  51  4:23  Gateway  
  52  4:25  Probe  
  52  4:28  Adept  
  55  4:35  Probe  
  55  4:37  Probe  
  55  4:38  Pylon  
  57  4:42  Warp Prism  
  57  4:58  Templar Archives  
  59  5:03  Probe  
  59  5:06  Charge, Probe  
  57  5:14  Zealot x2  
  57  5:17  Pylon  
  60  5:34  Gateway  
  60  5:35  Gateway  
  60  5:36  High Templar x4  
  60  5:40  Pylon  
  60  5:41  Gateway  
  68  5:43  Gateway  
  68  5:45  Gateway  
  68  5:50  Archon x2  
  66  6:08  Pylon  
  66  6:10  Pylon  
  64  6:20  Zealot x3  
  64  6:21  Zealot  
  72  6:28  Pylon  
  72  6:40  Pylon  
  72  6:42  Zealot x7  
  72  6:43  Zealot  
  88  7:00  Zealot x2  
  86  7:04  Zealot  
  86  7:05  Zealot x3  
  86  7:13  Zealot x2  
  76  7:17  Immortal  
  76  7:19  Probe  
  69  7:27  Sentry  
  69  7:28  Zealot x4  
  79  7:36  Probe x2  
  71  7:47  Zealot x3  
  71  7:48  Zealot  
  71  7:51  Sentry  
  71  7:52  Zealot  
  64  8:00  Zealot x2  
  64  8:09  Zealot  
  57  8:26  High Templar x5  
Tags
 
Add a new tag
Caveats
  • Supply blocks, unpowered buildings, or Contaminate may cause inaccurate times.
  • Supply counts are checked every 10 seconds.